 Dungeon Sprint DCSS version 0.27.1-33-g824d729ab1 (webtiles) character file.

Game seed: 13413407886571099912

304 manyhoops the Basher (level 6, 0/94 HPs)
             Began as an Ogre Hunter on Nov 25, 2021.
             Slain by Sonja (3 damage)
             ... in the Dungeon (Sprint I: "Red Sonja").
             The game lasted 00:02:09 (515 turns).

manyhoops the Basher (Ogre Hunter)                   Turns: 515, Time: 00:02:10

Health: 0/94       AC:  3    Str: 19    XL:     6   Next: 38%
Magic:  6/6        EV:  9    Int: 12    God:
Gold:   308        SH:  0    Dex:  9    Spells: 2/5 levels left

rFire    . . .     SeeInvis .   k - +0 club
rCold    . . .     Faith    .   (no shield)
rNeg     . . .     Spirit   .   b - +0 robe
rPois    .         Reflect  .   (helmet restricted)
rElec    .         Harm     .   (no cloak)
rCorr    .         Rampage  .   (gloves unavailable)
Will     .....     NoTele   +   (boots unavailable)
Stlth    ..........             (no amulet)
HPRegen  0.25/turn              (no ring)
MPRegen  0.10/turn              (no ring)

@: berserking (expiring), lethally poisoned (0 -> -26), slowed
A: large, unfitting armour, tough skin 1
a: no special abilities


You were in the Dungeon.
You visited 1 branch You collected 308 gold pieces.

Inventory:

Hand Weapons
 k - a +0 club (weapon)
 l - a +0 giant spiked club
Missiles
 c - 4 large rocks (quivered)
Armour
 b - a +0 robe (worn)
Scrolls
 j - a scroll of blinking
Potions
 a - a potion of flight {unknown}
 g - a potion of haste
 h - 2 potions of magic


   Skills:
 + Level 4.5 Fighting
 * Level 10.1 Maces & Flails
 - Level 7.1 Throwing
 - Level 1.7 Dodging
 - Level 0.6 Stealth


You had 2 spell levels left.
You knew the following spells:

 Your Spells              Type           Power      Damage    Failure   Level
a - Sandblast             Erth           0%         2d4       32%         1
b - Passwall              Tmut/Erth      0%         N/A       45%         2

Your spell library contained the following spells:

 Spells                   Type           Power      Damage    Failure   Level
 Lee's Rapid Deconstruct  Erth           0%         3d5*      100%        5


Dungeon Overview and Level Annotations

Branches:
Dungeon (1/1)

Altars:
Sif Muna
Vehumet
Wu Jian

Annotations:
D Sonja


Innate Abilities, Weirdness & Mutations

You are too large for most types of armour.
You have tough skin. (AC +1)


Message History

Unknown command.
Press < or > to pray at altars.
You are too berserk!
Unknown command.
Press < or > to pray at altars.
Unknown command.
Press < or > to pray at altars.
You are too berserk!
Found 54 gold pieces.
You feel a strong urge to attack something.
You feel very sick.
Sonja throws a curare-tipped dart.
The curare-tipped dart hits you.
You are more poisoned.
You have difficulty breathing.
You feel as though you will be slow longer.
There is an open door here.
You feel very sick.
Sonja throws a curare-tipped dart.
The curare-tipped dart hits you.
You are more poisoned.
You have difficulty breathing.
You feel as though you will be slow longer.
You miss Sonja.
* * * LOW HITPOINT WARNING * * *
You feel very sick.
Sonja hits you with a +0 dagger of distortion.
* * * LOW HITPOINT WARNING * * *
Space bends around you!
* * * LOW HITPOINT WARNING * * *
Sonja hits you with a +0 dagger of distortion.
* * * LOW HITPOINT WARNING * * *
Space bends around you.
* * * LOW HITPOINT WARNING * * *
Sonja barely misses you.
You barely miss Sonja.
* * * LOW HITPOINT WARNING * * *
You feel very sick.
Sonja hits you with a +0 dagger of distortion.
* * * LOW HITPOINT WARNING * * *
Space bends around you.
You die...

#..[..#..').#..+
#..#####'#####'#
#..#
#..#...#.####§(#
#..#
####..##.#≈§§§c
#..# ##'#_.+≈§≈§
#⌠⌠# +..._# ####
#_.#+# ##'#.#
#@###


+$K$+ #$.(# ##.## #+# You could see Sonja.

Vanquished Creatures
  Sigmund (D)
  An ogre (D)
  A jelly (D)
  Ijyb (D)
4 creatures vanquished.

Notes
Turn   | Place    | Note
-------+----------+-------------------------------------------
     0 | D        | manyhoops the Ogre Hunter began the quest for the Orb.
     0 | D        | Reached XP level 1. HP: 22/22 MP: 1/1
     3 | D        | Noticed Ijyb
     7 | D        | Killed Ijyb
     8 | D        | Reached XP level 2. HP: 16/29 MP: 2/2
     8 | D        | Reached XP level 3. HP: 20/36 MP: 3/3
   136 | D        | Noticed an ogre
   138 | D        | Killed an ogre
   139 | D        | Reached skill level 6 in Maces & Flails
   139 | D        | Reached XP level 4. HP: 40/44 MP: 4/4
   156 | D        | Noticed Sigmund
   174 | D        | Killed Sigmund
   175 | D        | Reached skill level 10 in Maces & Flails
   175 | D        | Reached XP level 5. HP: 49/50 MP: 5/5
   175 | D        | Reached XP level 6. HP: 58/59 MP: 6/6
   296 | D        | Found a shimmering blue altar of Sif Muna.
   297 | D        | Found an ornate altar of the Wu Jian Council.
   298 | D        | Found a radiant altar of Vehumet.
   474 | D        | Learned a level 1 spell: Sandblast
   477 | D        | Learned a level 2 spell: Passwall
   497 | D        | Noticed a centaur warrior
   509 | D        | Noticed Sonja
   515 | D        | HP: 3/94 [Sonja (4)]
   515 | D        | Slain by Sonja

Illustrated notes

Levels and vault maps discovered:
D:        dungeon_sprint_1 [red_sonja_temple_1, red_sonja_temple_small_1]

Skill      XL: |  1  2  3  4  5  6 |
---------------+-------------------+-----
Throwing       | 7 |  7.1
Maces & Flails | 6 10 | 10.1
Fighting       | 4 |  4.5
Dodging        | |  1.7
Stealth        | |  0.6

Action                   |  1- 3 |  4- 6 || total
-------------------------+-------+-------++-------
Melee: Club              |       |    13 ||    13
Throw: Large rock        |     6 |     7 ||    13
       Throwing net      |       |     2 ||     2
  Use: Potion            |       |     3 ||     3
 Stab: Held in net/web   |       |     1 ||     1
       Sleeping          |       |     1 ||     1
Armor: Robe              |       |     2 ||     2
Dodge: Dodged            |     2 |     5 ||     7
